 Dungeon Crawl Stone Soup version 0.22-a0-77-g0fd0111 (webtiles) character file.

2 oplop the Chiller (level 1, 0/11 HPs)
             Began as an Octopode Ice Elementalist on Jan 14, 2018.
             Slain by a kobold
             ... wielding a +0 short sword
              (7 damage)
             ... on level 1 of the Dungeon.
             The game lasted 00:00:11 (34 turns).

oplop the Chiller (Octopode Ice Elementalist)         Turns: 34, Time: 00:00:12

Health: 0/11       AC:  1    Str:  7    XL:     1   Next: 40%
Magic:  2/3        EV: 13    Int: 17    God:
Gold:   37         SH:  0    Dex: 12    Spells: 3/4 levels left

rFire    . . .     SeeInvis .   (no weapon)
rCold    . . .     Gourm    .   (no shield)
rNeg     . . .     Faith    .   (helmet restricted)
rPois    .         Spirit   .   (no amulet)
rElec    .         Reflect  .   (no ring)
rCorr    .         Harm     .   (no ring)
MR       .....                  (no ring)
Stlth    +++.......             (no ring)
HPRegen  0.03/turn              (no ring)
MPRegen  0.08/turn              (no ring)
                                (no ring)
                                (no ring)

@: no status effects
A: almost no armour, stealthy swim, amphibious, 8 rings, constrict 8, camouflage
1, gelatinous body 1
a: no special abilities


You were on level 1 of the Dungeon.
You were not hungry.

You visited 1 branch of the dungeon, and saw 1 of its levels.

You collected 37 gold pieces.

Inventory:

Books
 a - a book of Frost

   Spells                             Type                      Level
   a - Freeze                         Ice                          1
   b - Throw Frost                    Conjuration/Ice              2
   c - Ozocubu's Armour               Charms/Ice                   3
   d - Throw Icicle                   Conjuration/Ice              4
   e - Summon Ice Beast               Ice/Summoning                4
Comestibles
 b - a ration


   Skills:
 + Level 0.1 Fighting
 + Level 2.0 Dodging
 - Level 2.6 Stealth
 * Level 2.0 Spellcasting
   Level 1.0 Conjurations
 * Level 3.0 Ice Magic


You had 3 spell levels left.
You knew the following spells:

 Your Spells              Type           Power        Failure   Level  Hunger
a - Freeze                Ice            ##..         5%          1    #......


Dungeon Overview and Level Annotations

Branches:
Dungeon (1/15)

Altars:


Innate Abilities, Weirdness & Mutations

You cannot wear most types of armour.
You are very stealthy in the water. (Stealth+)
You are amphibious.
You can wear up to eight rings at the same time.
You can use your tentacles to constrict eight enemies at once.
Your skin changes colour to match your surroundings (Stealth+).
Your rubbery body absorbs attacks. (AC +1, EV +1)


Message History

Aiming: Freeze
Press: ? - help, Shift-Dir - straight line, f - dart slug
Aim: a dart slug (lightly wounded, constricted by you, clinging)
You freeze the dart slug.
The dart slug is heavily wounded.
You constrict the dart slug.
You tentacle-slap the dart slug but do no damage.
The dart slug is heavily wounded.
You constrict the dart slug. The dart slug bites you.
You tentacle-slap the dart slug but do no damage.
The dart slug is severely wounded.
You constrict the dart slug. The dart slug bites you.
You tentacle-slap the dart slug.
The dart slug is almost dead.
You constrict the dart slug.
You kill the dart slug!
You closely miss the kobold. Your grab misses the kobold.
The kobold hits you with a short sword!
Ouch! That really hurt!
You die...

##### #...### .....
...# #
###########$###.##
.................##
#...bbg...g...
#.####K##..)..
#..#######.## #@#
###
#...........###.#
#..#####.....#...
#.....#..##
#.....#..#
##...##.## ##..##.#
##.##.#######
##.##........


You could see a goblin, a bat and a kobold.

Vanquished Creatures
  A dart slug (D:1)
1 creature vanquished.

Notes
Turn   | Place    | Note
-------+----------+-------------------------------------------
     0 | D:1      | oplop the Octopode Ice Elementalist began the quest for the Orb.
     0 | D:1      | Reached XP level 1. HP: 11/11 MP: 3/3
    34 | D:1      | Slain by a kobold

Vault maps used:
D:1:      dpeg_arrival_orchard, serial_bayou_pond_c

Action                   || total
-------------------------++-------
Melee: Unarmed           ||     6
       Constrict         ||     1
 Cast: Freeze            ||     1
Armor: Skin              ||     1
Dodge: Dodged            ||     2

Table legend:
 A = Spawn XP
 B = Non-spawn XP
 C = Spawn XP percentage of total XP
 D = Spawn monster count
 E = Non-spawn monster count
 F = Spawn count percentage of total count
 G = Total turns spent on level
                    A         B        C        D         E        F      G
               +---------+---------+-------+---------+---------+-------+---------
         Total |       0 |       4 |   0.0 |       0 |       1 |   0.0 |    34
               +---------+---------+-------+---------+---------+-------+---------
           D:1 |       0 |       4 |   0.0 |       0 |       1 |   0.0 |    34
               +---------+---------+-------+---------+---------+-------+---------
